 Seeded DCSS version 0.29.1-13-g9f3cf754e1 (webtiles) character file.

Game seed: 16245865983455551772 (custom seed)

4 OTABOTABOTAB the Caller (level 1, 11/11 HPs)
             Began as an Octopode Summoner on Jan 24, 2023.
             Quit the game on level 1 of the Dungeon.
             The game lasted 00:01:14 (262 turns).

OTABOTABOTAB the Caller (Octopode Summoner)          Turns: 262, Time: 00:01:14

Health: 11/11      AC:  1    Str:  7    XL:     1   Next: 60%
Magic:  3/3        EV: 13    Int: 17    God:
Gold:   2590       SH:  0    Dex: 12    Spells: 3/4 levels left

rFire   . . .      SeeInvis .   b - +0 dagger
rCold   . . .      Faith    .   (no shield)
rNeg    . . .      Spirit   .   (helmet restricted)
rPois   .          Reflect  .   (no amulet)
rElec   .          Harm     .   (no ring)
rCorr   .          Rampage  .   (no ring)
Will    .....                   (no ring)
Stlth   +++.......              (no ring)
HPRegen 0.03/turn               (no ring)
MPRegen 0.08/turn               (no ring)
                                (no ring)
                                (no ring)

@: no status effects
A: almost no armour, amphibious, 8 rings, camouflage 1, gelatinous body 1,
(nimble swimmer 1), tentacles
a: no special abilities


You were on level 1 of the Dungeon.
You visited 1 branch of the dungeon, and saw 1 of its levels.

You collected 2590 gold pieces.

Inventory:

Hand Weapons
 a - a +0 sling
   (You found it on level 1 of the Dungeon)
 b - a +0 dagger (weapon)
   (You found it on level 1 of the Dungeon)
Potions
 M - a potion of magic


   Skills:
 + Level 2.1 Dodging
 + Level 2.8 Stealth
 + Level 2.0 Spellcasting
 + Level 4.0 Summonings


You had 3 spell levels left.
You knew the following spells:

 Your Spells              Type           Power      Damage    Failure   Level
a - Summon Small Mammal   Summ           60%        N/A       3%          1

Your spell library contained the following spells:

 Spells                   Type           Power      Damage    Failure   Level
 Call Imp                 Summ           15%        N/A       5%          2
 Call Canine Familiar     Summ           15%        N/A       11%         3
 Apportation              Tloc           2%         N/A       19%         1
 Summon Guardian Golem    Hex/Summ       8%         N/A       26%         3
 Static Discharge         Conj/Air       1%         3-4/arc   28%         2
 Summon Lightning Spire   Summ/Air       8%         N/A       63%         4
 Lightning Bolt           Conj/Air       0%         1d11      99%         5
 Dispersal                Tloc           0%         N/A       100%        6
 Storm Form               Tmut/Air       0%         N/A       100%        7


Dungeon Overview and Level Annotations

Branches:
Dungeon (1/15)

Altars:


Innate Abilities, Weirdness & Mutations

You cannot wear most types of armour.
You are amphibious.
You can wear up to eight rings at the same time.
Your skin changes colour to match your surroundings (Stealth+).
Your rubbery body absorbs attacks. (AC +1, EV +1)
((You are camouflaged when in or above water. (Stealth+)))
You have tentacles for arms and can constrict up to eight enemies at once.


Message History

What are your orders? t - Shout!
Orders for allies: a - Attack new target. r - Retreat! s - Stop attacking. g - Guard the area. f - Follow me.
Anything else - Cancel.
Gang up on whom?
Aim: a quokka (ally target) Attack!
Your quokka closely misses the quokka.
Your quokka misses the quokka.
Your quokka closely misses the quokka.
Your quokka bites the quokka.
The quokka closely misses your quokka.
Your quokka barely misses the quokka.
Your quokka closely misses the quokka.
The quokka bites your quokka.
Your quokka dies!
Your quokka's corpse disappears in a puff of smoke!
Your quokka closely misses the quokka.
You don't know that spell.
The quokka closely misses you.
Your quokka bites the quokka.
You now have 1/3 mp.
Your bat closely misses the quokka.
The quokka barely misses you.
Your quokka barely misses the quokka.
Your bat misses the quokka.
An endoplasm comes into view.
The quokka barely misses you. The quokka attacks as you move away!
The quokka misses you.
You swap places.
Your bat barely misses the quokka.
You see here a +0 dagger.
Your bat barely misses the quokka.
The quokka barely misses your bat.
Your bat misses the quokka. The quokka closely misses your bat.
You now have 0/3 mp.
The quokka bites your bat.
Your bat dies!
Your bat's corpse disappears in a puff of smoke!
The quokka closely misses your bat.
You miscast Summon Small Mammal.
You are very lightly contaminated with residual magic.
Nothing appears to happen.
Your bat misses the quokka.
You now have 0/3 mp.
Your bat barely misses the quokka.
Your bat barely misses the quokka.
Your bat barely misses the quokka.
You swap places.
Your bat barely misses the quokka.
Your bat misses the quokka. The quokka bites your bat.
Your bat dies!
Your bat's corpse disappears in a puff of smoke!
Your magical contamination has completely faded away.
The quokka attacks as you move away! The quokka closely misses you.
The quokka attacks as you move away! The quokka closely misses you.
The quokka attacks as you move away! The quokka bites you.
You take 3 damage, and have 8/11 hp.
MASSIVE DAMAGE!!
The quokka misses you.
You now have 0/3 mp.
Really attack while wielding your +0 sling? [Y]es or [N]o only, please.
Really attack while wielding your +0 sling? [Y]es or [N]o only, please.
Really attack while wielding your +0 sling?
Okay, then.
Unknown command.
b - a +0 dagger (weapon)
The quokka barely misses you.
You barely miss the quokka. Your grab misses the quokka.
Your quokka completely misses the quokka.
The quokka barely misses you.
You hit the quokka but do no damage. You grab the quokka.
You constrict the quokka, but do no damage.
Your quokka bites the quokka.
The quokka barely misses you.
Your quokka bites the quokka.
You hit the quokka.
You constrict the quokka, but do no damage.
The quokka bites you.
Your quokka bites the quokka.
The quokka dies!
You take 3 damage, and have 6/11 hp.
MASSIVE DAMAGE!!
You start resting.
Your quokka disappears in a puff of smoke!
Health restored: 11; MP restored: 3 Unknown command.
The endoplasm quivers.
You now have 2/3 mp.
You now have 1/3 mp.
The endoplasm hits your rat.
Your rat bites the endoplasm.
The endoplasm misses your rat.
Your rat bites the endoplasm.
The endoplasm closely misses your rat.
Your quokka bites the endoplasm.
The endoplasm dies!
You swap places.
c - 3 scrolls labelled WAC GOIFOFITOUPLEC This is a scroll of acquirement!
You see here the Dissertation on the Aerial Excursion.
Something appears before you!
You pick up the Dissertation on the Aerial Excursion and begin reading...
You add the spells Apportation, Static Discharge, Lightning Bolt, Dispersal and Storm Form to your library.
Something appears before you!
You now have 1235 gold pieces.
Something appears before you!
You now have 2590 gold pieces (gained 1355).
MP restored: 3 You have 2590 gold pieces.

# .# #.#
######..###
#.@r.......
.......#r.#....
#.##...#..# .
#...###.##
#...#(#..# ...#
#..##.##.## ....
#..#...#..# ....#
##.##...##.## ....#
#..#.....#..#.....#


You could see a friendly quokka (summoned) and a friendly rat (summoned).

Vanquished Creatures (collateral kills)
  An endoplasm (D:1)
  A goblin (D:1)
  A quokka (D:1)
3 creatures vanquished.

Notes
Turn   | Place    | Note
-------+----------+-------------------------------------------
     0 | D:1      | OTABOTABOTAB the Octopode Summoner began the quest for the
                  | Orb.
     0 | D:1      | Reached XP level 1. HP: 11/11 MP: 3/3
   256 | D:1      | Identified 3 scrolls of acquirement
   256 | D:1      | Acquired the Dissertation on the Aerial Excursion
   258 | D:1      | Acquired 1235 gold pieces
   260 | D:1      | Acquired 1355 gold pieces
   262 | D:1      | Quit the game

Illustrated notes

Levels and vault maps discovered:
D:1:      minmay_arrival_hallway, layout_loops_corners, basic_ecumenical_altar,
          minmay_unequal

Action                   || total
-------------------------++-------
Melee: Dagger            ||     3
       Constrict         ||     1
 Cast: Summon Small Mamm ||     7
  Use: Scroll            ||     3
Dodge: Dodged            ||    10

Table legend: (Time is in decaauts)
 A = Elapsed time spent in this place.
 B = Non-inter-level travel time spent in this place.
 C = Inter-level travel time spent in this place.
 D = Time resting spent in this place.
 E = Time spent auto-exploring this place.
 F = Levels seen in this place.
 G = Mean time per level.
                   A        B        C        D        E       F      G
               +--------+--------+--------+--------+--------+-----+--------+
         Total |    261 |    261 |      0 |    163 |     23 |   1 |  261.0 |
       Dungeon |    261 |    261 |      0 |    163 |     23 |   1 |  261.0 |
               +--------+--------+--------+--------+--------+-----+--------+

Top non-repeatable levels by time:
     D:1: 261 daAuts

Table legend:
 A = Kills in this place as a percentage of kills in entire the game.
 B = Kills by you in this place as a percentage of kills by you in the entire game.
 C = Kills by friends in this place as a percentage of kills by friends in the entire game.
 D = Other kills in this place as a percentage of other kills in the entire game.
 E = Experience gained in this place as a percentage of experience gained in the entire game.
 F = Experience gained in this place divided by the number of levels of this place that you have seen.
                   A       B       C       D       E      F
               +-------+-------+-------+-------+-------+----------------------
         Total | 100.0 |   N/A | 100.0 |   N/A | 100.0 |   6.0
       Dungeon | 100.0 |   N/A | 100.0 |   N/A | 100.0 |   6.0
               +-------+-------+-------+-------+-------+----------------------
